 Dungeon Crawl Stone Soup version 0.21-a0-128-gf2b353c (webtiles) character file.

42 Lianjan the Vexing (level 3, -1/24 HPs)
             Began as a Vampire Enchanter on July 16, 2017.
             Killed from afar by Natasha (8 damage)
             ... with a magic dart
             ... on level 2 of the Dungeon.
             The game lasted 00:04:57 (1187 turns).

Lianjan the Vexing (Vampire Enchanter)              Turns: 1187, Time: 00:04:57

Health: -1/24      AC:  0    Str:  7    XL:     3   Next: 35%
Magic:  0/7        EV: 20    Int: 18    God:
Gold:   67         SH:  0    Dex: 19    Spells: 1/7 levels left

rFire    . . .     SeeInvis +   (weapon currently unavailable)
rCold    + . .     Gourm    .   (shield currently unavailable)
rNeg     + + .     Faith    .   (armour currently unavailable)
rPois    +         Spirit   .   (helmet currently unavailable)
rElec    .         Reflect  .   (cloak currently unavailable)
rCorr    .         Harm     .   (gloves currently unavailable)
MR       .....                  (boots currently unavailable)
Stlth    +++++.....             (no amulet)
HPRegen  0.04/turn              (ring currently unavailable)
MPRegen  0.10/turn              (ring currently unavailable)

@: bat-form, flying, very slightly contaminated, regenerating slowly, very quick
A: fangs 3, see invisible
a: End Transformation


You were on level 2 of the Dungeon.
You were very thirsty.
You were in vampire-bat-form.
You visited 1 branch of the dungeon, and saw 2 of its levels.

You collected 67 gold pieces.

Inventory:

Hand Weapons
 a - a +1 dagger (melded)
 k - a +0 short sword
Armour
 b - a +0 robe
 e - a +0 ring mail (melded)
Scrolls
 g - a scroll of blinking {unknown}
 h - 2 scrolls of teleportation {unknown}
 i - a scroll of identify {unknown}
Potions
 d - 22 potions of blood
 f - 2 potions of lignification {unknown}
 j - 2 potions of curing {unknown}
Books
 c - a book of Maledictions

   Spells                             Type                      Level
   a - Corona                         Hexes                        1
   b - Ensorcelled Hibernation        Hexes/Ice                    2
   c - Confuse                        Hexes                        3
   d - Tukima's Dance                 Hexes                        3
   e - Dazzling Spray                 Conjuration/Hexes            3


   Skills:
 - Level 1.1 Short Blades
 - Level 2.2 Dodging
 + Level 4.9 Stealth
 + Level 2.6 Spellcasting
 + Level 5.1 Hexes
 * Level 0.8 Ice Magic


You had one spell level left.
You knew the following spells:

 Your Spells              Type           Power        Failure   Level  Hunger
a - Corona                Hex            ###....      1%          1    #......
b - Ensorcelled Hibernat  Hex/Ice        ##....       8%          2    ##.....
c - Confuse               Hex            ###.....     6%          3    ###....


Dungeon Overview and Level Annotations

Branches:
Dungeon (2/15)

Altars:

Annotations:
D:2 Natasha


Innate Abilities, Weirdness & Mutations

You heal slowly.
You have razor-sharp teeth.
You have supernaturally acute eyesight. (SInv)
((You can survive without breathing.))


Message History

Natasha resists with some effort.
Natasha casts a spell at you. The magic dart hits you!
Casting: Ensorcelled Hibernation
Confirm with . or Enter, or press ? or * to list all spells.
You don't have enough magic to cast that spell.
Things that are here:
a dagger; 2 stones; a kobold skeleton Natasha casts a spell.
Found a leather armour.
Found a scroll labeled BOIWKA DASCH.
You are feeling very thirsty.
You turn into a vampire bat.
Your +1 dagger melds into your body.
Your +0 ring mail melds into your body.
Natasha completely misses you.
Natasha stares at you and mumbles some strange words.
The magic dart hits you!
* * * LOW HITPOINT WARNING * * *
Natasha casts a spell at you. The magic dart hits you!
You die...

#.....## #
#÷.....########## .##
#(..÷..)......... ...
#(.)..#...#########.#
#.....###..5..h.....#
#..(...########.[...#
##.###.# #..##.?.#
#..# ..# #.## .# ##.#
#.# #b# #.###.# #.#
#...#.h ### #.#
###.##....##..# ..
#.# #.#..####.## #.#
#.#.#....... #.##
#.#.#....... #..#
#...#....... ##.#
#<.##.......


You could see Natasha.

Vanquished Creatures
  An adder (D:2)
  A leopard gecko (D:1)
  A ball python (D:1)
  9 goblins (D:1)
  4 hobgoblins
  4 bats
  3 frilled lizards
  4 kobolds
  2 rats (D:1)
29 creatures vanquished.

Notes
Turn   | Place    | Note
-------+----------+-------------------------------------------
     0 | D:1      | Lianjan the Vampire Enchanter began the quest for the Orb.
     0 | D:1      | Reached XP level 1. HP: 13/13 MP: 3/3
   179 | D:1      | Reached XP level 2. HP: 16/19 MP: 3/5
   675 | D:1      | Learned a level 2 spell: Ensorcelled Hibernation
   804 | D:1      | Reached XP level 3. HP: 20/24 MP: 4/6
   846 | D:1      | Learned a level 3 spell: Confuse
  1057 | D:2      | Reached skill level 5 in Hexes
  1062 | D:2      | Noticed Natasha
  1187 | D:2      | Killed from afar by Natasha

Vault maps used:
D:1:      minmay_arrival_wavy_path, serial_glass, glass_columns_c,
          glass_columns_a
D:2:      kennysheep_big_empty_room, uniq_robin, uniq_natasha

Skill      XL: |  1  2  3 |
---------------+----------+-----
Hexes          | 5 |  5.1
Short Blades   | |  1.1
Dodging        | |  2.2
Stealth        | |  4.9
Spellcasting   | |  2.6
Ice Magic      | |  0.8

Action                   || total
-------------------------++-------
Melee: Dagger            ||    97
       Bite              ||     7
 Cast: Corona            ||    12
       Ensorcelled Hiber ||     8
 Abil: Bat Form          ||     1
 Stab: Sleeping          ||     7
Armor: Ring mail         ||    24
Dodge: Dodged            ||    57
